 Dungeon Sprint DCSS version 0.21-a0-297-ga3d34c2 (webtiles) character file.

2 potatolord6000 the Insei (level 1, -2/17 HPs)
             Began as a Gnoll Transmuter on Sept 28, 2017.
             Slain by a human (9 damage)
             ... in the Dungeon (Sprint III: "The Ten Rune Challenge").
             The game lasted 00:00:53 (114 turns).

potatolord6000 the Insei (Gnoll Transmuter)          Turns: 114, Time: 00:00:54

Health: -2/17      AC:  0    Str: 12    XL:     1   Next: 40%
Magic:  4/6        EV: 17    Int: 15    God:
Gold:   0          SH:  0    Dex: 15    Spells: 9/10 levels left

rFire    . . .     SeeInvis .     - Unarmed
rCold    . . .     Gourm    .   (shield currently unavailable)
rNeg     . . .     Faith    .   (armour currently unavailable)
rPois    .         Spirit   .   (helmet currently unavailable)
rElec    .         Reflect  .   (cloak currently unavailable)
rCorr    .         Harm     .   (gloves currently unavailable)
MR       .....     NoTele   +   (boots currently unavailable)
Stlth    ++........             (no amulet)
HPRegen  0.05/turn              (ring currently unavailable)
MPRegen  0.10/turn              (ring currently unavailable)

@: pig-form, very slightly contaminated, hasted, very quick
A: distributed training, strong nose
a: no special abilities


You were in the Dungeon.
You were not hungry.
You were a filthy swine.
You visited 1 branch

Inventory:

Missiles
 a - 12 arrows
Armour
 b - a +0 robe (melded)
Jewellery
 k - an uncursed ring of positive energy {unknown}
Scrolls
 j - a scroll of blinking
 l - a scroll of amnesia {unknown}
Potions
 e - a potion of curing
 f - a potion of heal wounds
 h - 2 potions of magic
 i - a potion of berserk rage
Books
 c - a book of Changes

   Spells                             Type                      Level
   a - Beastly Appendage              Transmutation                1
   b - Sticks to Snakes               Transmutation                2
   c - Spider Form                    Transmutation/Poison         3
   d - Ice Form                       Ice/Transmutation            4
   e - Blade Hands                    Transmutation                5
Comestibles
 d - a bread ration


   Skills:
 + Level 2.6 Fighting
 + Level 0.0 Short Blades
 + Level 0.8 Long Blades
 + Level 0.0 Axes
 + Level 0.8 Maces & Flails
 + Level 0.0 Polearms
 + Level 1.3 Staves
 + Level 1.3 Slings
 + Level 0.0 Bows
 + Level 0.0 Crossbows
 + Level 0.0 Throwing
 + Level 0.8 Armour
 + Level 4.4 Dodging
 + Level 1.3 Stealth
   Level 0.0 Stabbing
 + Level 0.0 Shields
   Level 0.0 Traps
 + Level 6.4 Unarmed Combat
 + Level 5.0 Spellcasting
 + Level 0.8 Conjurations
 + Level 0.0 Hexes
 + Level 0.8 Charms
 + Level 1.7 Summonings
 + Level 0.8 Necromancy
 + Level 0.8 Translocations
 + Level 4.7 Transmutations
 + Level 0.8 Fire Magic
 + Level 0.0 Ice Magic
 + Level 0.0 Air Magic
 + Level 0.0 Earth Magic
 + Level 0.8 Poison Magic
 + Level 0.0 Invocations
 + Level 0.0 Evocations


You had 9 spell levels left.
You knew the following spells:

 Your Spells              Type           Power        Failure   Level  Hunger
a - Beastly Appendage     Tmut           ###...       2%          1    None


Dungeon Overview and Level Annotations

Branches:
Dungeon (1/1)

Altars:

Annotations:
D Crazy Yiuf


Innate Abilities, Weirdness & Mutations

Your experience applies equally to all skills.
((You have very sharp teeth.))
Your uncanny sense of smell can sniff out nearby items.


Message History

You hit Crazy Yiuf.
Crazy Yiuf is lightly wounded.
Unknown command.
You closely miss Crazy Yiuf.
Crazy Yiuf is lightly wounded.
The human misses you. Crazy Yiuf closely misses you.
Unknown command.
You barely miss Crazy Yiuf.
Crazy Yiuf is lightly wounded.
The human hits you!
Ouch! That really hurt!
Unknown command.
You hit Crazy Yiuf but do no damage.
Crazy Yiuf is lightly wounded.
Crazy Yiuf zaps a wand.
You hit Crazy Yiuf but do no damage.
Crazy Yiuf is lightly wounded.
The human hits you!
Ouch! That really hurt!
You die...

▓...#......##
▓..##.......#∆∆
.#∆
▓##.##.##...#∆∆ .#
##.##.###..# ..#
▓#.####.##..# ...+
▓.###..##..##
#...# ▓#.....##..#
#....#
###..##...##p....#
##†.##....#hg....#
#..###..##.#.....#
#..# #..#####....#
▓▓▓▓ ▓▓▓▓ ▓▓▓▓▓ ∆


You could see a human and Crazy Yiuf.

Vanquished Creatures
  4 rats (D)
4 creatures vanquished.

Vanquished Creatures (others)
  4 hellions (D)
4 creatures vanquished.

Grand Total: 8 creatures vanquished

Notes
Turn   | Place    | Note
-------+----------+-------------------------------------------
     0 | D        | potatolord6000 the Gnoll Transmuter began the quest for the Orb.
     0 | D        | Reached XP level 1. HP: 17/17 MP: 6/6
    11 | D        | Reached skill level 1 in Slings
    11 | D        | Reached skill level 5 in Spellcasting
    11 | D        | Reached skill level 1 in Summonings
    14 | D        | Reached skill level 1 in Stealth
    36 | D        | Reached skill level 1 in Staves
   101 | D        | Killed a hellion
   102 | D        | Killed a hellion
   102 | D        | Killed a hellion
   106 | D        | Noticed Crazy Yiuf
   110 | D        | Killed a hellion
   114 | D        | Slain by a human

Vault maps used:
D:        dungeon_sprint_mu

Skill      XL: |  1 |
---------------+----+-----
Slings         | 1 |  1.3
Spellcasting   | 5 |  5.0
Summonings     | 1 |  1.7
Stealth        | 1 |  1.3
Staves         | 1 |  1.3
Fighting       | |  2.6
Long Blades    | |  0.8
Maces & Flails | |  0.8
Armour         | |  0.8
Dodging        | |  4.4
Unarmed Combat | |  6.4
Conjurations   | |  0.8
Charms         | |  0.8
Necromancy     | |  0.8
Translocations | |  0.8
Transmutations | |  4.7
Fire Magic     | |  0.8
Poison Magic   | |  0.8

Action                   || total
-------------------------++-------
Melee: Unarmed           ||    16
       Bite              ||     1
 Cast: Beastly Appendage ||     2
  Use: Potion            ||     1
 Stab: Sleeping          ||     1
Dodge: Dodged            ||    11

Table legend:
 A = Spawn XP
 B = Non-spawn XP
 C = Spawn XP percentage of total XP
 D = Spawn monster count
 E = Non-spawn monster count
 F = Spawn count percentage of total count
 G = Total turns spent on level
                    A         B        C        D         E        F      G
               +---------+---------+-------+---------+---------+-------+---------
         Total |       0 |       4 |   0.0 |       0 |       4 |   0.0 |   114
               +---------+---------+-------+---------+---------+-------+---------
             D |       0 |       4 |   0.0 |       0 |       4 |   0.0 |   114
               +---------+---------+-------+---------+---------+-------+---------
